 Dungeon Crawl Stone Soup version 0.32-a0-560-g4c7f4391e0 (webtiles) character file.

Game seed: 6549045884659302040

58214 grandjackal the Warrior (level 14, 0/112 (128) HPs)
             Began as a Demonspawn Gladiator on Feb 29, 2024.
             Was the Champion of Dithmenos.
             Succumbed to barbed spike wounds
             ... on level 1 of the Orcish Mines.
             The game lasted 00:29:23 (22178 turns).

grandjackal the Warrior (Demonspawn Gladiator)     Turns: 22178, Time: 00:29:24

HP:   0/112 (128)   AC: 15    Str: 15    XL:     14   Next: 48%
MP:   22/22         EV: 23    Int: 19    God:    Dithmenos [******]
Gold: 569           SH:  0    Dex: 20    Spells: 13/13 levels left

rFire   + . .        S - +11 dagger "Atoubb" {drain, Int+5}
rCold   . . .        (no shield)
rNeg    . . .        o - +1 scale mail {rPois}
rPois   +            (helmet restricted)
rElec   .            Q - +0 cloak
rCorr   +            V - +2 pair of gloves {Stlth+}
SInv    .            D - +2 pair of boots
Will    +....        I - amulet of regeneration
Stlth   ++++++++     l - +5 ring of evasion
HPRegen 1.18/turn    Z - ring of Serendipity {rF+ rCorr Int+6}
MPRegen 0.18/turn

%: repel missiles
@: spiked, wreathed by umbra, heavily drained
A: horns 2, repulsion field 3, foul stench 1, demonic magic 2
a: Renounce Religion, Shadow Step, Shadow Form


You were on level 1 of the Orcish Mines.
You worshipped Dithmenos.
Dithmenos was exalted by your worship.
You visited 4 branches of the dungeon, and saw 19 of its levels.
You also visited: Sewer and Bailey.

You collected 1531 gold pieces.
You spent 962 gold pieces at shops.

Inventory:

Hand Weapons
 L - the +5 rapier "Veargher" {drain, +Blink rF+ rC+}
   (You found it on level 6 of the Dungeon)

   rF+:       It protects you from fire.
   rC+:       It protects you from cold.
   +Blink:    It lets you blink.
 S - the +11 dagger "Atoubb" (weapon) {drain, Int+5}
   (You took it off a centaur on level 7 of the Dungeon)

   Int+5:     It affects your intelligence (+5).
Missiles
 d - 8 throwing nets (quivered)
 e - 7 javelins
 g - 26 poisoned darts
 v - 3 curare-tipped darts
Armour
 o - a +1 scale mail of poison resistance (worn)
 w - a +2 chain mail of poison resistance
 D - a +2 pair of boots (worn)
 Q - a +0 cloak (worn)
 U - a +2 scale mail of cold resistance
 V - a +2 pair of gloves of stealth (worn)
Jewellery
 c - the ring "Cyoreod" {rF+ Will- rCorr Dex+4 Stlth+}
   (You found it on level 8 of the Dungeon)

   [ring of protection from fire]

   Dex+4:     It affects your dexterity (+4).
   rF+:       It protects you from fire.
   Will-:     It decreases your willpower.
   rCorr:     It protects you from acid and corrosion.
   Stlth+:    It makes you more stealthy.
 l - a +5 ring of evasion (left hand)
 B - a ring of positive energy
 I - an amulet of regeneration (around neck)
 O - a ring of ice
 Z - the ring of Serendipity (right hand) {rF+ rCorr Int+6}
   (You bought it in a shop on level 12 of the Dungeon)

   [ring of protection from fire]

   Int+6:     It affects your intelligence (+6).
   rF+:       It protects you from fire.
   rCorr:     It protects you from acid and corrosion.
Wands
 q - a wand of quicksilver (31)
 N - a wand of flame (31)
 P - a wand of iceblast (22)
 R - a wand of charming (26)
 T - a wand of mindburst (24)
Scrolls
 f - a scroll of brand weapon {unknown}
 k - a scroll of immolation {unknown}
 m - 2 scrolls of fear
 n - 2 scrolls of enchant weapon
 r - 2 scrolls of blinking
 s - 5 scrolls of teleportation
 t - 3 scrolls of vulnerability
 y - 5 scrolls of revelation
 H - a scroll of poison {unknown}
 J - 4 scrolls of butterflies
 K - a scroll of enchant armour
 W - a scroll of fog {unknown}
Potions
 b - 2 potions of mutation
 h - 3 potions of brilliance
 i - 2 potions of ambrosia
 j - 3 potions of haste
 u - 5 potions of enlightenment
 x - 4 potions of curing
 z - 3 potions of heal wounds
 A - 2 potions of invisibility
 C - 3 potions of berserk rage
 E - a potion of might {unknown}
 G - a potion of resistance {unknown}
 X - a potion of cancellation {unknown}
 Y - a potion of magic {unknown}
Miscellaneous
 a - a tin of tremorstones (2/2)


   Skills:
 - Level 17.1 Fighting
 - Level 10.0 Long Blades
 - Level 2.0 Throwing
 - Level 4.0 Armour
 + Level 7.7 Dodging
 - Level 10.8 Stealth
 + Level 11.4 Invocations


You had 13 spell levels left.
You didn't know any spells.
Your spell library contained the following spells:

 Spells                   Type           Power      Damage    Failure   Level
 Freeze                   Ice            0%         1d3       58%         1
 Shock                    Conj/Air       0%         1d3       58%         1
 Sting                    Conj/Alch      0%         1d3       58%         1
 Blink                    Tloc           0%         N/A       75%         2
 Ensorcelled Hibernation  Hex/Ice        0%         N/A       75%         2
 Lesser Beckoning         Tloc           0%         N/A       75%         2
 Mercury Vapours          Alch/Air       0%         N/A       75%         2
 Momentum Strike          Conj/Tloc      0%         3d8       75%         2
 Frozen Ramparts          Ice            0%         1d1       92%         3
 Fugue of the Fallen      Necr           0%         N/A       92%         3
 Hailstorm                Conj/Ice       0%         3d5       92%         3
 Inner Flame              Hex/Fire       0%         N/A       92%         3
 Swiftness                Air            0%         N/A       92%         3
 Tukima's Dance           Hex            0%         N/A       92%         3
 Volatile Blastmotes      Fire/Tloc      0%         2d10      92%         3
 Airstrike                Air            0%         2d(0-16)  100%        4
 Anguish                  Hex/Necr       0%         N/A       100%        4
 Dimensional Bullseye     Hex/Tloc       0%         N/A       100%        4
 Fulminant Prism          Conj/Alch      0%         3d5       100%        4
 Iskenderun's Mystic Bla  Conj/Tloc      0%         2d3       100%        4
 Olgreb's Toxic Radiance  Alch           0%         N/A       100%        4
 Irradiate                Conj/Alch      0%         3d11      100%        5
 Ignition                 Fire           0%         3d3       100%        8


Dungeon Overview and Level Annotations

Branches:
Dungeon (12/15)            Temple (1/1) D:5            Lair (5/5) D:8
  Swamp (0/4) Lair:2        Snake (0/4) Lair:3        Slime (0/5) Lair:4
    Orc (1/2) D:11          Sewer (visited)          Bailey (visited)

Altars:
Ashenzari
Cheibriados
Dithmenos
Fedhas
Gozag
Hepliaklqana
Kikubaaqudgha
Makhleb
Nemelex Xobeh
Okawaru
Qazlal
Ru
Sif Muna
Trog
Uskayaw
Vehumet
Wu Jian
Xom
Yredelemnul
Jiyva

Shops:
D:12 =

Annotations:
Lair:5 exclusion: obsidian statue


Innate Abilities, Weirdness & Mutations

You have a pair of horns on your head.
You are surrounded by a strong repulsion field. (EV +4, RMsl)
You may rarely emit foul miasma when damaged in melee.
Spells you cast may paralyse nearby enemies.


Message History

The soul eater hits you but does no damage.
The red devil hits you but does no damage.
Something hits you but does no damage.
The soul eater hits you but does no damage.
The red devil hits you but does no damage.
The red devil hits you from afar with a +0 trident!
Barbed spikes become lodged in your body.
Something hits you but does no damage.
The orc sorcerer gestures at you while chanting.
The bolt of negative energy hits you!!
You feel drained. The soul eater hits you!
You feel drained.
* * * LOW HITPOINT WARNING * * *
The red devil hits you but does no damage.
You can move again.
You see here a +0 antimagic dagger.
You are too injured to fight recklessly!
Unknown command.
Unknown command.
Unknown command.
Unknown command.
The barbed spikes dig painfully into your body as you move.
* * * LOW HITPOINT WARNING * * *
The orc sorcerer points at you and mumbles some strange words.
The bolt of negative energy misses you.
The red devil hits you from afar with a +0 trident.
* * * LOW HITPOINT WARNING * * *
More barbed spikes become lodged in your body.
The barbed spikes dig painfully into your body as you move.
* * * LOW HITPOINT WARNING * * *
The soul eater draws from the surrounding life force!
* * * LOW HITPOINT WARNING * * *
Something closely misses you. The red devil barely misses you.
The barbed spikes dig painfully into your body as you move.
* * * LOW HITPOINT WARNING * * *
There is a staircase back to the Dungeon, spattered with blood here.
Items here: )) [[ รทรท.
Unknown command.
Unknown command.
The barbed spikes dig painfully into your body as you move.
You die...

.......###.....#......##..###
........###.....#...........##
.........###...#.............#
..........#............###..##
.#...................#...#.##
#...........................#
..........)[...))....#.....##
.......>......[[.(.......###
#........#....).@.......##
............#..#o.4#.########
#...........#####.3.#.##.##.##
..#..........##.#)4).........#
....................#....##.##
.............##.#......######
#.##.#.......#####....###
#######..... ##...#.## #...
#......#


You could see a soul eater (summoned), an orc sorcerer and 2 red devils.

Vanquished Creatures
  Rupert (Lair:3)
  Nessos (D:12)
  3 dire elephants (Lair:5)
  3 hydras
  A catoblepas (Lair:3)
  4 two-headed ogres (D:9)
  A boulder beetle (Lair:2)
  3 death yaks (Lair:5)
  An orc high priest (Orc:1)
  3 spectral death yaks (Lair:5)
  A spectral anaconda (Lair:5)
  Pikel (D:4)
  A lindwurm (Lair:3)
  3 necromancers (Lair:5)
  A deep elf pyromancer (D:7)
  An ugly thing (D:12)
  Maurice (D:7)
  A manticore (D:12)
  An orc sorcerer (Orc:1)
  10 elephants
  3 cyclopes
  5 black mambas
  2 torpor snails
  11 cane toads
  A gargoyle (D:12)
  3 rime drakes
  8 komodo dragons
  4 trolls
  5 polar bears (D:9)
  2 tyrant leeches (Lair:2)
  A hornet (D:11)
  15 blink frogs
  2 spectral elephants (Lair:5)
  Sigmund (D:3)
  4 wyverns
  3 shadows
  2 unseen horror simulacra (D:9)
  Grum (Bailey)
  54 yaks
  2 basilisks
  6 vampire mosquitoes (D:12)
  A death yak simulacrum (Lair:5)
  A steam dragon (D:9)
  2 nagas (Lair:3)
  Edmund (D:6)
  2 swamp worms (Lair:2)
  15 water moccasins
  10 orc warriors
  A sky beast (D:8)
  An elephant zombie (Lair:5)
  3 ice beasts
  A swamp drake (D:11)
  11 wolves
  15 ogres
  7 centaurs
  4 lemures (D:4)
  A phantom (D:6)
  2 kobold brigands
  8 gnoll sergeants (Bailey)
  14 bullfrogs
  A scorpion (D:4)
  2 cane toad simulacra (Lair:5)
  4 wights
  2 elephant simulacra (Lair:5)
  12 killer bees
  2 electric eels (D:9)
  5 howler monkeys
  8 hounds
  A wyvern simulacrum (D:9)
  9 jellies (Lair:4)
  11 orc priests
  3 bombardier beetles
  9 gnoll boudas
  2 sleepcaps
  Terence (D:2)
  12 orc wizards
  6 iguanas
  An ogre zombie (D:9)
  A centaur simulacrum (D:9)
  34 gnolls
  6 adders
  A river rat (Sewer)
  2 shadow imps (D:5)
  4 white imps
  A howler monkey simulacrum (D:9)
  6 ufetubi
  2 ribbon worms (D:2)
  3 dart slugs
  63 orcs
  5 ball pythons
  8 endoplasms
  3 giant cockroaches
  13 goblins
  11 hobgoblins
  10 jackals
  8 quokkas
  2 bats
  4 frilled lizards
  22 kobolds
  17 rats
594 creatures vanquished.

Vanquished Creatures (others)
  2 jellies (Lair:4)
  An orc priest (Orc:1)
3 creatures vanquished.

Grand Total: 597 creatures vanquished

Notes
Turn   | Place    | Note
-------+----------+-------------------------------------------
     0 | D:1      | grandjackal the Demonspawn Gladiator began the quest for
                  | the Orb.
     0 | D:1      | Reached XP level 1. HP: 16/16 MP: 1/1
   200 | D:1      | Gained mutation: Spells you cast may paralyse adjacent
                  | enemies. [demonic ancestry]
   200 | D:1      | Reached XP level 2. HP: 21/22 MP: 2/2
   633 | D:1      | Found a faded altar of an unknown god.
   709 | D:1      | Gained mutation: You are surrounded by a mild repulsion
                  | field. (EV +2) [demonic ancestry]
   709 | D:1      | Reached XP level 3. HP: 28/28 MP: 3/3
  1362 | D:1      | Reached skill level 3 in Fighting
  1481 | D:1      | Gained mutation: You may rarely emit foul miasma when
                  | damaged in melee. [demonic ancestry]
  1481 | D:1      | Reached XP level 4. HP: 35/35 MP: 4/4
  1774 | D:2      | Noticed Terence
  1781 | D:2      | Killed Terence
  1868 | D:2      | Gained mutation: Spells you cast may paralyse nearby
                  | enemies. [demonic ancestry]
  1868 | D:2      | Reached XP level 5. HP: 41/42 MP: 5/5
  2103 | D:3      | Noticed Sigmund
  2116 | D:3      | Killed Sigmund
  2117 | D:3      | Reached skill level 4 in Fighting
  2117 | D:3      | Reached XP level 6. HP: 32/49 MP: 6/6
  2347 | D:3      | Found a hazy altar of Hepliaklqana.
  2523 | D:3      | Noticed an ice beast
  2537 | D:3      | Killed an ice beast
  2538 | D:3      | Reached skill level 5 in Fighting
  2538 | D:3      | Reached skill level 5 in Long Blades
  3562 | D:4      | Found a glowing drain.
  3583 | Sewer    | Entered a sewer
  3594 | Sewer    | Reached XP level 7. HP: 55/56 MP: 7/7
  4178 | D:4      | Identified the +0 leather armour of Dramatic Exits {rPois
                  | rN+ Dex-5}
  4293 | D:4      | Noticed Pikel
  4375 | D:4      | Killed Pikel
  4376 | D:4      | Reached skill level 7 in Fighting
  4376 | D:4      | Reached XP level 8. HP: 14/67 MP: 8/8
  5105 | D:5      | Entered Level 5 of the Dungeon
  5150 | D:5      | Found a staircase to the Ecumenical Temple.
  5159 | Temple   | Entered the Ecumenical Temple
  5203 | Temple   | Became a worshipper of Dithmenos the Shadowed
  6040 | D:5      | Reached skill level 8 in Fighting
  6421 | D:6      | Reached * piety under Dithmenos
  6540 | D:6      | Identified the +5 rapier "Veargher" {drain, +Blink rF+ rC+}
  6656 | D:6      | Gained mutation: You have a pair of small horns on your
                  | head. [demonic ancestry]
  6656 | D:6      | Reached XP level 9. HP: 74/75 MP: 9/9
  6731 | D:6      | Found a burning altar of Makhleb.
  6731 | D:6      | Found a snail-covered altar of Cheibriados.
  6756 | D:6      | Reached skill level 5 in Dodging
  6938 | D:6      | Noticed Edmund
  6952 | D:6      | Killed Edmund
  6953 | D:6      | Reached skill level 1 in Stealth
  7210 | D:7      | Reached skill level 9 in Fighting
  7244 | D:7      | Reached ** piety under Dithmenos
  7466 | D:7      | Noticed Maurice
  7475 | D:7      | Something stole a +4 short sword
  7480 | D:7      | Something stole 3 throwing nets
  7483 | D:7      | Killed Maurice
  7561 | D:7      | Noticed a cyclops
  7572 | D:7      | Killed a cyclops
  7573 | D:7      | Reached skill level 10 in Fighting
  7585 | D:7      | Reached skill level 5 in Stealth
  7689 | D:7      | Noticed a cyclops
  7693 | D:7      | Noticed a deep elf pyromancer
  7698 | D:7      | Killed a cyclops
  7699 | D:7      | Gained mutation: You are surrounded by a moderate repulsion
                  | field. (EV +3) [demonic ancestry]
  7699 | D:7      | Reached XP level 10. HP: 46/86 MP: 10/10
  7711 | D:7      | Killed a deep elf pyromancer
  8091 | D:7      | Found a stormy altar of Qazlal.
  8255 | D:7      | Identified the +11 dagger "Atoubb" {drain, Int+5}
  8800 | D:8      | Found a staircase to the Lair.
  8815 | D:8      | Found a flagged portal.
  8826 | Bailey   | Entered a bailey
  8837 | Bailey   | Reached *** piety under Dithmenos
  8843 | Bailey   | Reached skill level 11 in Fighting
  9123 | Bailey   | Noticed Grum
  9140 | Bailey   | Killed Grum
  9401 | Bailey   | Reached **** piety under Dithmenos
  9733 | D:8      | Found an iron altar of Okawaru.
  9733 | D:8      | Found a blossoming altar of Fedhas.
  9851 | D:8      | Identified the ring "Cyoreod" {rF+ Will- rCorr Dex+4
                  | Stlth+}
 10368 | D:8      | Reached skill level 12 in Fighting
 10619 | D:9      | Reached XP level 11. HP: 61/95 MP: 11/11
 10786 | D:9      | You fall into a shaft and drop 1 floor!
 10786 | D:10     | Entered Level 10 of the Dungeon
 10818 | D:9      | Noticed a two-headed ogre
 10829 | D:9      | Killed a two-headed ogre
 10835 | D:9      | Reached ***** piety under Dithmenos
 11518 | D:9      | Reached skill level 13 in Fighting
 11733 | D:9      | Noticed a two-headed ogre
 11734 | D:9      | Noticed a two-headed ogre
 11745 | D:9      | Killed a two-headed ogre
 11746 | D:9      | Reached skill level 10 in Stealth
 11751 | D:9      | Noticed a two-headed ogre
 11761 | D:9      | Killed a two-headed ogre
 11853 | D:9      | Killed a two-headed ogre
 12279 | D:10     | Found a shimmering altar of Xom.
 13353 | D:11     | Reached XP level 12. HP: 106/106 MP: 12/12
 13442 | D:11     | Found a staircase to the Orcish Mines.
 13469 | D:11     | Reached skill level 14 in Fighting
 14239 | D:12     | Found Omunamyf's Jewellery Shoppe.
 14245 | D:12     | Bought the ring of Serendipity {rF+ rCorr Int+6} for 602
                  | gold pieces
 14248 | D:12     | Bought an amulet of regeneration for 360 gold pieces
 14535 | D:12     | Found a burning altar of Makhleb.
 14578 | D:12     | Noticed Nessos
 14685 | D:12     | Killed Nessos
 14921 | Lair:1   | Entered Level 1 of the Lair of Beasts
 15464 | Lair:1   | You fall into a shaft and drop 1 floor!
 15563 | Lair:1   | Found a broken altar of Ashenzari.
 15671 | Lair:1   | Reached skill level 15 in Fighting
 16181 | Lair:2   | Noticed a seven-headed hydra
 16183 | Lair:2   | Noticed a seven-headed hydra
 16197 | Lair:2   | HP: 1/110 [seven-headed hydra (7)]
 16494 | Lair:2   | Reached ****** piety under Dithmenos
 16506 | Lair:2   | Noticed a boulder beetle
 16534 | Lair:2   | Killed a boulder beetle
 16670 | Lair:2   | Killed a seven-headed hydra
 16671 | Lair:2   | Gained mutation: You have a pair of horns on your head.
                  | [demonic ancestry]
 16671 | Lair:2   | Reached XP level 13. HP: 63/117 MP: 13/13
 17118 | Lair:2   | Found a staircase to the Swamp.
 17582 | Lair:3   | Found a staircase to the Snake Pit.
 17630 | Lair:3   | Reached skill level 16 in Fighting
 17734 | Lair:3   | Reached skill level 10 in Long Blades
 17775 | Lair:3   | Reached skill level 1 in Invocations
 18078 | Lair:3   | Reached skill level 5 in Invocations
 18380 | Lair:3   | Noticed Rupert
 18391 | Lair:3   | Killed Rupert
 18783 | Lair:4   | Found a staircase to the Slime Pits.
 18785 | Lair:4   | Found a viscous altar of Jiyva.
 18795 | Lair:4   | Identified the +10 war axe "Beighur" {venom, rC- rCorr MP+9
                  | Stlth+}
 19057 | Lair:4   | Reached skill level 17 in Fighting
 19622 | Lair:5   | Entered Level 5 of the Lair of Beasts
 19882 | Lair:5   | Gained mutation: You are surrounded by a strong repulsion
                  | field. (EV +4, RMsl) [demonic ancestry]
 19882 | Lair:5   | Reached XP level 14. HP: 101/128 MP: 20/20
 20603 | Lair:5   | HP: 6/127 [dire elephant (16)]
 20610 | Lair:5   | Reached skill level 10 in Invocations
 21839 | Orc:1    | Entered Level 1 of the Orcish Mines
 22169 | Orc:1    | Paralysed by an orc sorcerer for 5 turns
 22176 | Orc:1    | HP: 4/112 [barbs]
 22178 | Orc:1    | Succumbed to barbed spike wounds

Illustrated notes

Levels and vault maps discovered:
D:1:      ebering_hopf_link, layout_basic, shapermc_ecumenical_altar_ellora
D:2:      layout_rooms, minmay_misc_feat_enclosed, minmay_pentomino_t4,
          uniq_terence
D:3:      layout_loops_corners, mainiacjoe_overflow_alcove_2, uniq_sigmund
D:4:      corexii_shantytown, layout_basic, gup_sewer_entry_pipe,
          hangedman_decor_opposing, uniq_pikel
D:5:      minmay_general_purpose_star, layout_basic,
          minmay_temple_entry_gardened_gates
D:6:      layout_gridville, nicolae_overflow_two_pavilions,
          minmay_stone_trees_small, kennysheep_nondescript,
          chequers_serial_rivers_micro_c, uniq_edmund
D:7:      layout_basic, nicolae_overflow_crystal_walls,
          hangedman_minor_gate_pass, uniq_maurice
D:8:      layout_cave_pods, amethyst_overflow_temple_binary, lair_entry_dummy,
          enter_bailey_3
D:9:      lemuel_ogre_cave, layout_rooms, serial_ice, serial_ice_m,
          serial_ice_b, serial_ice_d, serial_ice_g, serial_ice_f, serial_ice_o,
          serial_ice_l, serial_ice_n, serial_ice_a, serial_ice_h,
          minmay_misc_feat_nine_boxes
D:10:     layout_basic, xom_teletrap_fun
D:11:     layout_cave_pools, erik_orc_1, dk_noncrumbling_2
D:12:     layout_long_grid, serial_shops, nicolae_shop_gaudy_bauble,
          grunt_ministairs_2, bloody_makhleb, uniq_nessos
Temple:   bh_familiar_temple
Lair:1:   layout_cellular_growth, lemuel_centaur_altar, lemuel_fruit_tree,
          grunt_megastairs_3
Lair:2:   nzn_winding_woodlands_cross
          [nzn_winding_woodlands_5x15_pathside_ponds,
          nzn_winding_woodlands_5x15_pool,
          nzn_winding_woodlands_5x15_river_crossing,
          nzn_winding_woodlands_5x15_split_checker,
          nzn_winding_woodlands_15x15_thick_spiral], layout_regular_city,
          palyth_hydra_swamp_entry
Lair:3:   layout_cave_pods, guppyfry_snake_entry_garden, grunt_megastairs_1,
          uniq_rupert
Lair:4:   layout_regular_city, minmay_slime_entry_jelly_boxes,
          infiniplex_staircase_pool_2
Lair:5:   due_jungle_book, layout_loops_ring, lemuel_fruit_fields,
          serial_bayou_shore_a
Orc:1:    layout_caves, serial_shops, shop, lemuel_statue_altar

Skill      XL: |  1  2  3  4  5  6  7  8  9 10 11 12 13 14 |
---------------+-------------------------------------------+-----
Throwing       | 2 |  2.0
Dodging        | 3 4 5 7 |  7.7
Long Blades    | 3 4 5 9 10 | 10.0
Fighting       | 3 4 5 7 8 10 12 13 15 17 | 17.1
Armour         | 3 4 |  4.0
Stealth        | 5 8 10 | 10.8
Invocations    | 8 11 | 11.4

Action                     |  1- 3 |  4- 6 |  7- 9 | 10-12 | 13-15 || total
---------------------------+-------+-------+-------+-------+-------++-------
  Melee: Long sword        |   113 |   158 |   372 |       |       ||   643
         Rapier            |       |       |   132 |    37 |       ||   169
         Headbutt          |       |       |    31 |   191 |   249 ||   471
         Dagger            |       |       |       |   753 |   786 ||  1539
  Throw: Javelin           |       |       |     4 |    12 |       ||    16
         Dart              |       |       |     1 |       |       ||     1
         Throwing net      |       |       |       |       |     2 ||     2
 Invoke: Shadow Step       |       |       |       |     1 |       ||     1
  Evoke: Wand              |       |       |       |    10 |       ||    10
    Use: Scroll            |       |       |       |     2 |    16 ||    18
         Potion            |       |       |       |     2 |     1 ||     3
   Stab: Sleeping          |       |       |       |    25 |    20 ||    45
         Distracted        |       |       |       |     3 |     2 ||     5
         Held in net/web   |       |       |       |       |     3 ||     3
 Armour: Leather armour    |    13 |       |       |       |       ||    13
         Ring mail         |    42 |    24 |       |       |       ||    66
         Scale mail        |       |    58 |   210 |   354 |   366 ||   988
  Dodge: Dodged            |    92 |   154 |   452 |   978 |   698 ||  2374
         Repelled          |       |       |       |       |     2 ||     2

Table legend: (Time is in decaauts)
 A = Elapsed time spent in this place.
 B = Non-inter-level travel time spent in this place.
 C = Inter-level travel time spent in this place.
 D = Time resting spent in this place.
 E = Time spent auto-exploring this place.
 F = Levels seen in this place.
 G = Mean time per level.
                   A        B        C        D        E       F      G
               +--------+--------+--------+--------+--------+-----+--------+
         Total |  22011 |  21168 |    843 |   4178 |  12092 |  21 | 1048.1 |
       Dungeon |  13993 |  13368 |    625 |   2468 |   8321 |  12 | 1166.1 |
        Temple |     66 |     44 |     22 |      0 |      0 |   1 |   66.0 |
          Lair |   6577 |   6381 |    196 |   1249 |   3561 |   5 | 1315.4 |
  Orcish Mines |    196 |    196 |      0 |      0 |    100 |   1 |  196.0 |
         Sewer |    309 |    309 |      0 |     49 |    109 |   1 |  309.0 |
        Bailey |    866 |    866 |      0 |    412 |      0 |   1 |  866.0 |
               +--------+--------+--------+--------+--------+-----+--------+

Top non-repeatable levels by time:
  Lair:5: 1931 daAuts
     D:4: 1746 daAuts
     D:9: 1634 daAuts
     D:7: 1463 daAuts
  Lair:2: 1395 daAuts
     D:1: 1370 daAuts
  Lair:3: 1249 daAuts
     D:8: 1156 daAuts
  Lair:1: 1150 daAuts
     D:5: 1132 daAuts
    D:10: 1084 daAuts
     D:3: 1046 daAuts
    D:11: 907 daAuts
     D:6: 873 daAuts
  Bailey: 866 daAuts
